 Dungeon Crawl Stone Soup version 0.30.0-29-ga12c61a403 (webtiles) character file.

Game seed: 10651790602435363396

208 cdecastro the Trooper (level 5, -3/48 HPs)
             Began as a Ghoul Fighter on June 19, 2023.
             Blown up by an orc wizard (17 damage)
             ... with a mindburst bolt
             ... on level 3 of the Dungeon.
             The game lasted 00:04:13 (2448 turns).

cdecastro the Trooper (Ghoul Fighter)               Turns: 2448, Time: 00:04:14

Health: -3/48      AC:  9    Str: 22    XL:     5   Next: 86%
Magic:  4/4        EV: 10    Int:  3    God:
Gold:   218        SH:  4    Dex: 14    Spells: 4/4 levels left

rFire   . .          .
                       - Unarmed
rCold   + + .        b - +0 buckler
rNeg    + + +        j - +3 ring mail
rPois   ∞            o - +0 helmet
rElec   .            (no cloak)
rCorr   .            (no gloves)
SInv    .            (no boots)
Will    .....        (no amulet)
Stlth   +            h - +6 ring of dexterity
HPRegen 0.00/turn    a - ring of protection from cold
MPRegen 0.09/turn

%: no passive effects
@: inhibited regen
A: claws 1, cold resistance 1, negative energy resistance 3, inhibited
regeneration, torment resistance 2, devour on kill
a: no special abilities


You were on level 3 of the Dungeon.
You visited 1 branch of the dungeon, and saw 3 of its levels.

You collected 218 gold pieces.

Inventory:

Armour
 b - a +0 buckler (worn)
 j - a +3 ring mail (worn)
 o - a +0 helmet (worn)
Jewellery
 a - a ring of protection from cold (right claw)
 h - a +6 ring of dexterity (left claw)
 r - a +4 ring of protection
 t - a ring of resist corrosion
 u - an amulet of faith
Scrolls
 d - a scroll of vulnerability {unknown}
 f - 4 scrolls of identify {unknown}
 g - a scroll of noise {unknown}
 i - a scroll of immolation {unknown}
 l - 2 scrolls of enchant weapon {unknown}
 n - 2 scrolls of magic mapping {unknown}
 s - 2 scrolls of teleportation {unknown}
Potions
 c - 2 potions of might
 e - a potion of haste {unknown}
 k - a potion of lignification {unknown}
 m - 3 potions of ambrosia {unknown}
 p - 2 potions of curing {unknown}
 q - a potion of resistance {unknown}


   Skills:
 + Level 5.4 Fighting
 - Level 2.6 Armour
 - Level 2.6 Shields
 + Level 4.8 Unarmed Combat


You had 4 spell levels left.
You didn't know any spells.
Your spell library was empty.

Dungeon Overview and Level Annotations

Branches:
Dungeon (3/15)

Altars:
Wu Jian

Annotations:
D:1 1 transporter


Innate Abilities, Weirdness & Mutations

You are immune to poison.
You have sharp fingernails.
Your flesh is cold resistant. (rC+)
You are immune to negative energy. (rN+++)
You do not regenerate when monsters are visible.
You are immune to unholy pain and torment.
You thrive by killing the living.


Message History

The black bear claws you.
* * * LOW HITPOINT WARNING * * *
The black bear claws you.
* * * LOW HITPOINT WARNING * * *
The black bear bites you but does no damage.
The black bear claws you but does no damage.
The black bear claws you.
* * * LOW HITPOINT WARNING * * *
You closely miss the black bear.
The black bear is almost dead.
The black bear barely misses you.
The black bear claws you but does no damage.
You block the black bear's attack.
You scratch the black bear.
You kill the black bear!
Your Fighting skill increases to level 5!
You have reached level 5!
You feel stronger.
Unknown command.
Unknown command.
An orc wizard comes into view.
It is wielding a +0 dagger and carrying a wand of mindburst (9).
An orc wizard is nearby!
An orc wizard is nearby!
An orc wizard is nearby!
An orc wizard is nearby!
The orc wizard shouts!
The orc wizard gestures at you while chanting.
You are confused.
Things that are here:
a black bear corpse; a frilled lizard corpse You bump into the rock wall.
The orc wizard casts a spell at you. The puff of flame hits you.
* * * LOW HITPOINT WARNING * * *
You bump into the rock wall.
Things that are here:
a black bear corpse; a frilled lizard corpse You feel less confused.
The orc wizard zaps a wand.
Your mind is blasted!
You die...

.#........>.
.#..####.### ### .#
.#..# #... ..##.##
.#.<####..# #.#...#
.......#..# #.....
.#..##.#..# #....
.#....)...# #..#
##.###....######..#.##
##.# #..#..o.†..@....#
##.# ##...#########..#
##.# ##.## ... ##)#
#.###### # ##.#
#......# ##.#
######.#####.#
...#######..........#
......)....##.#######
#############.###


You could see an orc wizard.

Vanquished Creatures
  A black bear (D:3)
  An orc wizard (D:2)
  2 adders (D:2)
  4 dart slugs
  6 orcs
  6 bats
  2 endoplasms
  A giant cockroach (D:1)
  4 goblins
  3 hobgoblins
  2 jackals (D:3)
  7 kobolds
  4 quokkas
  4 ball pythons
  5 frilled lizards
  5 rats (D:1)
57 creatures vanquished.

Notes
Turn   | Place    | Note
-------+----------+-------------------------------------------
     0 | D:1      | cdecastro the Ghoul Fighter began the quest for the Orb.
     0 | D:1      | Reached XP level 1. HP: 19/19 MP: 0/0
   161 | D:1      | Reached XP level 2. HP: 23/26 MP: 1/1
   431 | D:1      | Reached XP level 3. HP: 32/33 MP: 2/2
   483 | D:1      | Reached skill level 4 in Fighting
  1386 | D:2      | Reached XP level 4. HP: 41/41 MP: 3/3
  2206 | D:3      | Found an ornate altar of the Wu Jian Council.
  2391 | D:3      | Noticed a black bear
  2407 | D:3      | Killed a black bear
  2408 | D:3      | Reached skill level 5 in Fighting
  2408 | D:3      | Reached XP level 5. HP: 9/48 MP: 4/4
  2448 | D:3      | Blown up by an orc wizard

Illustrated notes

Levels and vault maps discovered:
D:1:      spicycebolla_arrival_risky_transporter, layout_basic, serial_bayou,
          serial_bayou_pond_e, serial_bayou_pond_e, serial_bayou_pond_e,
          serial_bayou_lagoon_a
D:2:      layout_loops_corners
D:3:      layout_loops_ring, pdpol_wu_jian_five_deadly_venoms,
          uniq_crazy_yiuf_cottage

Skill      XL: |  1  2  3  4 |
---------------+-------------+-----
Unarmed Combat | 3 4 |  4.8
Fighting       | 4 5 |  5.4
Armour         | |  2.6
Shields        | |  2.6

Action                     |  1- 3 |  4- 6 || total
---------------------------+-------+-------++-------
  Melee: Unarmed           |    93 |    86 ||   179
 Armour: Scale mail        |    19 |       ||    19
         Ring mail         |    16 |    41 ||    57
  Dodge: Dodged            |    34 |    38 ||    72
  Block: Buckler           |    18 |    21 ||    39
